 Dungeon Crawl Stone Soup version 0.19-a0-1886-gd64a0f0 (webtiles) character file.

1756 vev the Covered (level 9, -8/55 HPs)
             Began as a Tengu Abyssal Knight on Oct 16, 2016.
             Was a Priest of Lugonu.
             Mangled by an orc warrior
             ... wielding a +0 trident
              (15 damage)
             ... on level 6 of the Dungeon.
             The game lasted 00:14:23 (5549 turns).

vev the Covered (Tengu Abyssal Knight)              Turns: 5549, Time: 00:14:24

Health: -8/55      AC:  9    Str: 14    XL:     9   Next: 6%
Magic:  13/13      EV: 15    Int: 16    God:    Lugonu [***...]
Gold:   315        SH:  0    Dex: 20    Spells: 1 memorised, 6 levels left

rFire  + + .     SeeInvis .     G - +5 spear of Pumna {flame, rPois rF+ MR+ Int+4}
rCold  . . .     Gourm    .     l - +0 ring mail
rNeg   . . .     Faith    .     (no shield)
rPois  +         Spirit   .     (helmet restricted)
rElec  .         Dismiss  .     D - +0 cloak
rCorr  .         Reflect  .     I - +1 pair of gloves
MR     +....     Harm     .     (boots unavailable)
Stlth  +.........               i - amulet of magic regeneration
                                O - ring of protection from fire
                                (no ring)

@: drained
A: beak, horns 1, talons 3, agile 1, strong 1, able to fly 1
a: Fly, Depart the Abyss, Bend Space, Banish, Renounce Religion


You were on level 6 of the Dungeon.
You worshipped Lugonu.
Lugonu was most pleased with you.
You were not hungry.

You visited 1 branch of the dungeon, and saw 6 of its levels.
You visited the Abyss 1 time.

You collected 315 gold pieces.

Inventory:

Hand Weapons
 a - a +2 falchion
 A - a +1 dagger of protection
 G - the +5 spear of Pumna (weapon) {flame, rPois rF+ MR+ Int+4}
   (You found it on level 4 of the Dungeon)

   It has been specially enchanted to burn those struck by it, causing extra
   injury to most foes and up to half again as much damage against particularly
   susceptible opponents.
   It affects your intelligence (+4).
   It protects you from fire.
   It protects you from poison.
   It affects your resistance to hostile enchantments.
Armour
 b - a +0 leather armour
 l - a +0 ring mail (worn)
 r - a +1 robe of cold resistance
 y - a +0 large shield
 D - a +0 cloak (worn)
 I - a +1 pair of gloves (worn)
Jewellery
 i - an amulet of magic regeneration (around neck)
 o - an uncursed ring of ice
 H - an uncursed amulet of regeneration {unknown}
 O - a ring of protection from fire (right hand)
Scrolls
 d - a scroll of fear {unknown}
 e - 4 scrolls of remove curse
 k - 3 scrolls of blinking
 m - a scroll of random uselessness {unknown}
 s - 3 scrolls of teleportation
 t - 2 scrolls of fog {unknown}
 u - 4 scrolls of immolation {unknown}
 v - 4 scrolls of amnesia {unknown}
 w - 2 scrolls of enchant weapon
 B - 3 scrolls of noise {unknown}
Potions
 h - a potion of might
 p - 2 potions of ambrosia
 q - a potion of flight {unknown}
 x - a potion of curing {unknown}
 z - 2 potions of invisibility
 C - a potion of cure mutation {unknown}
 K - a potion of heal wounds {unknown}
 L - a potion of cancellation {unknown}
 M - a potion of degeneration {unknown}
Books
 F - a book of Minor Magic

   Spells                             Type                      Level
   a - Magic Dart                     Conjuration                  1
   b - Blink                          Translocation                2
   c - Call Imp                       Summoning                    2
   d - Repel Missiles                 Charms/Air                   2
   e - Slow                           Hexes                        2
   f - Conjure Flame                  Conjuration/Fire             3
   g - Mephitic Cloud                 Conjuration/Poison/Air       3
 N - a book of Callings

   Spells                             Type                      Level
   a - Summon Small Mammal            Summoning                    1
   b - Call Imp                       Summoning                    2
   c - Call Canine Familiar           Summoning                    3
   d - Summon Guardian Golem          Hexes/Summoning              3
   e - Summon Lightning Spire         Summoning/Air                4
   f - Summon Ice Beast               Ice/Summoning                4
Comestibles
 c - 7 bread rations
 f - 3 beef jerkies
 g - 3 meat rations
 n - 4 royal jellies
 E - a slice of pizza


   Skills:
 + Level 6.3(6.2) Fighting
 - Level 3.0(2.9) Long Blades
 + Level 6.4(6.3) Armour
 + Level 6.2(6.1) Dodging
 + Level 5.2(5.1) Invocations


You had 6 spell levels left.
You knew the following spells:

 Your Spells              Type           Power        Failure   Level  Hunger
b - Blink                 Tloc           N/A          73%         2    ###....


Dungeon Overview and Level Annotations

Branches:
Dungeon (6/15)
 Temple: D:4-7

Altars:
Hepliaklqana
Sif Muna

Shops:
D:4 :


Innate Abilities, Weirdness & Mutations

You have a beak for a mouth.
You have claws for feet.
You can fly.
You have a pair of small horns on your head.
You are agile. (Dex +2)
Your muscles are strong. (Str +2)


Message History

You reach to attack!
You closely miss the orc warrior.
The orc warrior is heavily wounded.
The orc warrior barely misses you.
Attack whom?
Press: ? - help, Dir - move target cursor, f/p - orc warrior
Aim: an orc warrior, wielding a trident and wearing a plate armour (heavily wounded)
You reach to attack!
You hit the orc warrior. You burn the orc warrior.
The orc warrior is severely wounded.
The orc warrior hits you from afar with a trident!
Attack whom?
Press: ? - help, Dir - move target cursor, f/p - orc warrior
Aim: an orc warrior, wielding a trident and wearing a plate armour (severely wounded)
You reach to attack!
You hit the orc warrior but do no damage.
The orc warrior is severely wounded.
The orc warrior hits you from afar with a trident!
* * * LOW HITPOINT WARNING * * *
You are too injured to fight recklessly!
The orc warrior hits you with a trident!
You die...

#......##......#.
#......##...)..##
#......##......##
#......##......##
#......##......# #####
#......########## #...#
#......+.........
#...########.....#########.
#........o@...#..........#.
#.###########.###.######...
#......... #.###.#########
#....n.r.. #...>..........
#...o..... #.......#######
#....S.... ##......#######
#.....#### #......#......
#.....# #......#......
#[.o..# #......#......


You could see an orc warrior.

Vanquished Creatures
  Sigmund (D:4)
  A black bear (D:6)
  A sky beast (D:5)
  An ice beast (D:6)
  2 ogres (D:4)
  A necrophage (D:6)
  A bullfrog (D:5)
  2 howler monkeys
  5 wights (D:6)
  2 crimson imps (D:6)
  3 hounds
  4 orc wizards
  A bullfrog skeleton (D:6)
  A centaur skeleton (D:6)
  3 iguanas
  4 worker ants
  A hound skeleton (D:5)
  A hound zombie (D:4)
  A worker ant zombie (D:4)
  A gnoll (D:1)
  7 adders
  A howler monkey skeleton (D:6)
  A shadow imp (D:5)
  An ooze (D:3)
  2 adder skeletons (D:4)
  4 adder zombies (D:4)
  A worm (D:3)
  2 dart slugs (D:1)
  2 leopard geckos
  9 orcs
  A giant cockroach (D:1)
  5 goblins
  6 hobgoblins
  5 jackals
  3 quokkas
  A ball python zombie (D:4)
  10 bats
  A frilled lizard (D:3)
  A jackal zombie (D:4)
  5 kobolds
  A leopard gecko skeleton (D:4)
  A leopard gecko zombie (D:5)
  A quokka skeleton (D:4)
  6 rats
114 creatures vanquished.

Notes
Turn   | Place    | Note
-------+----------+-------------------------------------------
     0 | Abyss:1  | vev the Tengu Abyssal Knight began the quest for the Orb.
     0 | Abyss:1  | Reached XP level 1. HP: 14/14 MP: 3/3
    28 | Abyss:1  | Noticed a hellion
    29 | Abyss:1  | Noticed a small abomination
    29 | D:1      | Escaped the Abyss
   320 | D:1      | Reached XP level 2. HP: 10/19 MP: 4/4
   703 | D:1      | Reached skill level 2 in Invocations
   703 | D:1      | Reached XP level 3. HP: 22/23 MP: 5/5
  1897 | D:2      | Reached * piety under Lugonu
  2325 | D:2      | Reached skill level 2 in Dodging
  2357 | D:2      | Found a deep blue altar of Sif Muna.
  2454 | D:3      | Reached XP level 4. HP: 28/28 MP: 6/6
  2716 | D:3      | Found a hazy altar of Hepliaklqana.
  2898 | D:3      | Learned a level 2 spell: Blink
  3092 | D:3      | Reached skill level 3 in Long Blades
  3180 | D:4      | Got an ebony spear
  3181 | D:4      | Identified the +5 spear of Pumna {flame, rPois rF+ MR+ Int+4} (You found it on level 4 of the Dungeon)
  3198 | D:4      | Noticed an ogre
  3211 | D:4      | Killed an ogre
  3211 | D:4      | Reached skill level 4 in Fighting
  3211 | D:4      | Reached skill level 3 in Armour
  3211 | D:4      | Gained mutation: You can fly. [Tengu growth]
  3211 | D:4      | Reached XP level 5. HP: 19/33 MP: 7/7
  3250 | D:4      | Found Guros's Book Boutique.
  3283 | D:4      | Noticed Sigmund
  3290 | D:4      | Killed Sigmund
  3290 | D:4      | Reached skill level 3 in Dodging
  3290 | D:4      | Reached skill level 3 in Invocations
  3290 | D:4      | Reached XP level 6. HP: 18/39 MP: 9/9
  3312 | D:4      | Reached skill level 4 in Armour
  3321 | D:4      | Reached ** piety under Lugonu
  3366 | D:4      | Reached XP level 7. HP: 20/44 MP: 10/10
  3426 | D:4      | Reached skill level 4 in Dodging
  3841 | D:5      | Entered Level 5 of the Dungeon
  3893 | D:5      | Reached skill level 5 in Fighting
  3923 | D:5      | Reached skill level 4 in Invocations
  4090 | D:5      | Reached skill level 5 in Armour
  4131 | D:5      | Reached XP level 8. HP: 49/49 MP: 12/12
  4149 | D:5      | Gained mutation: Your muscles are strong. (Str +2) [mutagenic meat]
  4152 | D:5      | Gained mutation: You are agile. (Dex +2) [mutagenic meat]
  4155 | D:5      | Gained mutation: You have a pair of small horns on your head. [mutagenic meat]
  4565 | D:6      | Reached skill level 5 in Dodging
  4876 | D:6      | Reached *** piety under Lugonu
  5055 | D:6      | Reached skill level 6 in Fighting
  5055 | D:6      | Reached skill level 6 in Armour
  5182 | D:6      | Reached skill level 6 in Dodging
  5182 | D:6      | Reached skill level 5 in Invocations
  5215 | D:6      | Reached XP level 9. HP: 22/55 MP: 13/13
  5549 | D:6      | Mangled by an orc warrior

Vault maps used:
D:1:      minmay_arrival_checkered_box
D:2:      serial_forest, infiniplex_forest_straight_5,
          infiniplex_forest_clump_C, infiniplex_forest_pool,
          infiniplex_forest_corner_2, infiniplex_forest_straight_4,
          infiniplex_forest_lined_4_way, infiniplex_forest_clump_medium,
          led_sif_pool
D:3:      nicolae_overflow_crystal_walls
D:4:      first_bread, serial_shops, shop, serial_undead, serial_undead_f,
          serial_undead_d, serial_undead_c, serial_undead_f, uniq_sigmund
D:5:      feat_on_display
D:6:      black_bear_nest_1, uniq_duvessa, uniq_blork_the_orc

Skill      XL: |  1  2  3  4  5  6  7  8 |
---------------+-------------------------+-----
Invocations    | 2 3 4 5 |  5.2
Dodging        | 2 3 4 6 |  6.2
Long Blades    | 3 |  3.0
Fighting       | 4 5 6 |  6.3
Armour         | 3 4 5 6 |  6.4

Action                   |  1- 3 |  4- 6 |  7- 9 || total
-------------------------+-------+-------+-------++-------
Melee: Falchion          |    62 |    13 |       ||    75
       Kick              |    14 |    23 |    46 ||    83
       Peck              |    10 |    12 |    27 ||    49
       Dagger            |       |    23 |       ||    23
       Spear             |       |    58 |   204 ||   262
       Headbutt          |       |       |    25 ||    25
Invok: Depart the Abyss  |     1 |       |       ||     1
  Use: Scroll            |     1 |     2 |     6 ||     9
  Eat: Chunk             |     5 |     3 |    10 ||    18
Armor: Leather armour    |     3 |       |       ||     3
       Robe              |     6 |    10 |       ||    16
       Ring mail         |     1 |    15 |    45 ||    61
Dodge: Dodged            |    38 |    43 |   111 ||   192
       Rpst.: Falchion   |    11 |     2 |       ||    13
